 Dungeon Crawl Stone Soup version 0.27.1-1-g398f81649c (webtiles) character file.

Game seed: 5611634076253328320

49 ZARRMARR the Conjurer (level 3, -3/24 HPs)
             Began as an Octopode Conjurer on Sept 13, 2021.
             Slain by a gnoll (8 damage)
             ... on level 1 of the Dungeon.
             The game lasted 00:03:17 (1547 turns).

ZARRMARR the Conjurer (Octopode Conjurer)           Turns: 1547, Time: 00:03:17

Health: -3/24      AC:  1    Str:  6    XL:     3   Next: 75%
Magic:  6/6        EV: 13    Int: 21    God:
Gold:   44         SH:  0    Dex: 10    Spells: 5/6 levels left

rFire    . . .     SeeInvis .   (no weapon)
rCold    . . .     Faith    .   (no shield)
rNeg     + . .     Spirit   .   (helmet restricted)
rPois    .         Reflect  .   (no amulet)
rElec    .         Harm     .   f - ring of positive energy
rCorr    .         Rampage  .   (no ring)
Will     .....                  (no ring)
Stlth    +++.......             (no ring)
HPRegen  0.08/turn              (no ring)
MPRegen  0.10/turn              (no ring)
                                (no ring)
                                (no ring)

@: hasted, very quick
A: almost no armour, amphibious, 8 rings, camouflage 1, gelatinous body 1,
(nimble swimmer 1), tentacles
a: no special abilities


You were on level 1 of the Dungeon.
You visited 1 branch of the dungeon, and saw 2 of its levels.

You collected 44 gold pieces.

Inventory:

Jewellery
 f - a ring of positive energy (left tentacle)
Scrolls
 a - 2 scrolls of amnesia {unknown}
 g - a scroll of identify {unknown}
Potions
 c - a potion of heal wounds {unknown}
 d - a potion of curing {unknown}
 e - a potion of flight {unknown}


   Skills:
 + Level 1.6 Fighting
 + Level 2.8 Dodging
 + Level 3.9 Stealth
 - Level 2.0 Spellcasting
 - Level 4.0 Conjurations


You had 5 spell levels left.
You knew the following spells:

 Your Spells              Type           Power      Damage    Failure   Level
a - Magic Dart            Conj           72%        1d6       2%          1

Your spell library contained the following spells:

 Spells                   Type           Power      Damage    Failure   Level
 Searing Ray              Conj           36%        3d4       4%          2
 Dazzling Flash           Conj/Hex       20%        N/A       19%         3
 Ozocubu's Armour         Ice            2%         N/A       41%         3
 Fulminant Prism          Conj/Hex       5%         3d7       54%         4
 Iskenderun's Mystic Bla  Conj/Tloc      10%        2d4       54%         4
 Metabolic Englaciation   Hex/Ice        1%         N/A       99%         5
 Simulacrum               Ice/Necr       1%         N/A       100%        6


Dungeon Overview and Level Annotations

Branches:
Dungeon (2/15)

Altars:

Annotations:
D:1 exclusion: downstairs
D:2 Robin, Sigmund


Innate Abilities, Weirdness & Mutations

You cannot wear most types of armour.
You are amphibious.
You can wear up to eight rings at the same time.
Your skin changes colour to match your surroundings (Stealth+).
Your rubbery body absorbs attacks. (AC +1, EV +1)
((You are camouflaged near water. (Stealth+)))
You have tentacles for arms and can constrict up to eight enemies at once.


Message History

Sigmund flickers and vanishes!
Deactivating autopickup; reactivate with Ctrl-A.
You feel less confused.
Things that are here:
a +0 dagger; a goblin corpse
There is a stone staircase leading up here.
You climb upwards.
Level annotation: exclusion: downstairs Reactivating autopickup.
There is a stone staircase leading down here.
Press: ? - help, v - describe, . - travel A stone staircase leading down.
There is a stone staircase leading down here.
You climb downwards.
Level annotation: Robin, Sigmund The gnoll shouts! x4
The endoplasm quivers.
You hear a shout!
The gnoll hits you from afar with a +0 spear!
The gnoll misses you. The gnoll barely misses you.
The goblin shouts!
You hear a shout! x2
Found 6 gold pieces and 20 arrows.
Found a stone staircase leading down.
There is a stone staircase leading up here.
The rat twitches its whiskers.
The gnoll barely misses you. The gnoll closely misses you.
The gnoll barely misses you. x2
You climb upwards.
Level annotation: exclusion: downstairs
There is a stone staircase leading down here.
The gnoll barely misses you.
You barely miss the gnoll. You grab the gnoll.
You constrict the gnoll, but do no damage.
The gnoll hits you with a +0 club!
You tentacle-slap the gnoll.
The gnoll is lightly wounded.
You constrict the gnoll. The gnoll hits you with a +0 club.
* * * LOW HITPOINT WARNING * * *
It was a potion of haste.
You feel yourself speed up.
You constrict the gnoll. The gnoll hits you with a +0 club!
You die...

#.##...##.#.#..#.###.# #......#
##.#####.##.#..#.###############
.##.....##.##..#.##.....#
#.#######.##...#.##.....########
##.......###.#.#.##...........)#
####8####.....#.######........#
######.#..##.######........#
####................'........#
#.........#..#@######........#
#.........##.#g# #........# #
#.........##[.g# #........## #
####.########..# #.......... #
###.########..## #........## #
#............>.# ##########
####..............# ###.....#
..................# #.......#
.......####.......# #.......#


You could see 2 gnolls.

Vanquished Creatures
  An adder (D:2)
  3 endoplasms (D:1)
  4 giant cockroaches
  9 goblins
  A hobgoblin (D:2)
  2 quokkas (D:1)
  5 ball pythons
  A bat (D:1)
  3 frilled lizards
  4 kobolds
  2 rats (D:1)
35 creatures vanquished.

Notes
Turn   | Place    | Note
-------+----------+-------------------------------------------
     0 | D:1      | ZARRMARR the Octopode Conjurer began the quest for the Orb.
     0 | D:1      | Reached XP level 1. HP: 11/11 MP: 3/3
   330 | D:1      | Reached XP level 2. HP: 18/18 MP: 0/5
   511 | D:1      | Reached skill level 1 in Fighting
   832 | D:1      | Reached XP level 3. HP: 23/23 MP: 3/6
  1248 | D:2      | Found a faded altar of an unknown god.
  1314 | D:2      | Identified the -3 helmet "Ulauppur" {-Tele Int+5 Dex+8}
  1314 | D:2      | Noticed Robin
  1491 | D:2      | Noticed Sigmund
  1547 | D:1      | Slain by a gnoll

Illustrated notes

Levels and vault maps discovered:
D:1:      nagdon_arrival_double_spiral, layout_basic
D:2:      layout_rooms, hellmonk_ecumenical_altar_zigzags, uniq_sigmund,
          uniq_robin

Skill      XL: |  1  2 |
---------------+-------+-----
Stealth        | 3 |  3.9
Fighting       | 1 |  1.6
Dodging        | |  2.8
Spellcasting   | |  2.0
Conjurations   | |  4.0

Action                   || total
-------------------------++-------
Melee: Unarmed           ||    25
       Tentacles         ||     5
       Constrict         ||     4
 Cast: Magic Dart        ||    65
  Use: Potion            ||     1
Armor: Skin              ||     1
Dodge: Dodged            ||    23
